AoeStats
← Unknown

Arena

508337549Analyzed
3v3 RM · 11d ago on Sep 22, 2026· 40m 59s· 6 players
Game mode
Random Map
Map size
Normal (6 player)
Population
200
Speed
Normal
Resources
Standard
Victory
Conquest
Starting age
Dark Age
Ending age
Imperial Age
RankedLock teamsTeams togetherTeam positionsShared explorationLock speedFull tech treeHidden civsTurbo modeCheats
Victory
Defeat
🇺🇸 Turks · United States
1186
+15
🇺🇸 Bohemians · United States
1173
+16
🇺🇸 Italians · United States
1097
+18
🇺🇸 Franks · United States
1186
-17
🇲🇽 Magyars · Mexico
1181
-17
🇵🇪 Mongols · Peru
1130
-15
DrTyrant
11:22 Feudal Age
17:14 Castle Age
18:00 Horse Collar
18:05 Double-Bit Axe
21:57 Loom
24:58 Imperial Age
23:22 Heavy Plow
23:42 Bow Saw
24:07 Gold Mining
25:17 Padded Archer Armor
26:27 Leather Archer Armor
30:39 Fletching
38:00 Gold Shaft Mining
38:57 Ring Archer Armor
Disvara
10:26 Feudal Age
12:09 Loom
15:02 Castle Age
14:11 Double-Bit Axe
14:07 Horse Collar
16:03 Bow Saw
15:56 Heavy Plow
17:41 Loom
19:01 Fervor
20:05 Fletching
23:39 Wheelbarrow
26:12 Hand Cart
28:45 Imperial Age
27:33 Hand Cart
28:23 Chemistry
26:53 Elite Skirmisher
28:53 Bodkin Arrow
29:54 Bracer
29:56 Padded Archer Armor
30:12 Siege Engineers
30:35 Fortified Wall
32:41 Hand Cart
33:12 Leather Archer Armor
33:07 Forging
32:58 Scale Mail Armor
35:14 Ring Archer Armor
34:14 Pikeman
36:12 Halberdier
37:57 Squires
38:44 Chain Mail Armor
39:05 Iron Casting
40:14 Two-Man Saw
40:32 Plate Mail Armor
TomBombadil
10:54 Feudal Age
15:39 Castle Age
13:41 Double-Bit Axe
13:44 Horse Collar
18:37 Bow Saw
21:10 Wheelbarrow
20:31 Loom
20:49 Fletching
21:51 Bodkin Arrow
22:13 Heavy Plow
28:29 Imperial Age
26:21 Hand Cart
37:51 Bracer
37:54 Scale Mail Armor
38:04 Forging
38:29 Ballistics
39:16 Chemistry
40:14 Squires
40:00 Arson
41:02 Iron Casting
40:32 Scale Barding Armor
40:44 Chain Mail Armor
Pdude869
11:16 Feudal Age
15:39 Castle Age
14:01 Double-Bit Axe
17:12 Bow Saw
21:06 Loom
24:30 Imperial Age
22:48 Scale Mail Armor
23:45 Forging
24:55 Chain Mail Armor
26:10 Iron Casting
27:33 Plate Mail Armor
27:09 Gold Mining
28:32 #83
31:33 Blast Furnace
34:36 Elite Throwing Axeman
39:21 Elite Skirmisher
40:04 Padded Archer Armor
39:54 Fletching
41:04 Leather Archer Armor
canijo2512
11:14 Feudal Age
12:12 Horse Collar
12:18 Double-Bit Axe
18:15 Castle Age
17:49 Bloodlines
17:45 Scale Barding Armor
20:32 Bow Saw
20:47 Husbandry
21:11 Heavy Plow
23:28 Wheelbarrow
23:05 Gold Mining
25:34 Chain Barding Armor
25:33 Hand Cart
26:26 Gold Shaft Mining
27:01 Loom
37:39 Imperial Age
37:48 Imperial Age
35:32 Light Cavalry
38:50 Conscription
37:58 Hussar
39:26 Plate Barding Armor
38:46 Cavalier
40:39 Two-Man Saw
Unknown
10:10 Feudal Age
14:32 Castle Age
12:34 Double-Bit Axe
13:32 Horse Collar
16:46 Bow Saw
18:36 Loom
25:23 Nomads
33:25 Imperial Age
32:12 Padded Archer Armor
32:02 Fletching
34:04 Wheelbarrow
33:14 Town Watch
34:20 Ballistics
33:58 Bodkin Arrow
34:14 Scale Barding Armor
34:26 Leather Archer Armor
34:44 Elite Mangudai
35:41 Bracer
36:05 Chain Barding Armor
39:04 Husbandry
39:15 Bloodlines
Connection lost

Rejoining the realm…

Still unreachable

The connection could not be restored.

Session expired

The server has moved on; the page needs a fresh start.